 Dungeon Crawl Stone Soup version 0.27-a0-1084-g78b3836a5f (webtiles) character file.

Game seed: 16896701749172349303

11792 frogmouthbird the Severer (level 11, -9/82 HPs)
             Began as a Hill Orc Fighter on Apr 26, 2021.
             Was a High Priest of Okawaru.
             Killed by divine providence
             ... invoked by a smoke demon
              (15 damage)
             ... on level 1 of the Abyss.
             The game lasted 00:23:09 (15480 turns).

frogmouthbird the Severer (Hill Orc Fighter)       Turns: 15480, Time: 00:23:10

Health: -9/82      AC: 20    Str: 21    XL:     11   Next: 83%
Magic:  15/15      EV:  6    Int: 10    God:    Okawaru [*****.]
Gold:   2089       SH: 15    Dex: 10    Spells: 10/10 levels left

rFire    . . .     SeeInvis +   a - +12 war axe of Honesty {freeze, rC+}
rCold    + . .     Faith    .   c - +0 kite shield
rNeg     + . .     Spirit   .   t - +0 plate armour
rPois    .         Reflect  +   s - +1 helmet
rElec    .         Harm     .   (no cloak)
rCorr    .         Rampage  .   l - +0 pair of gloves
Will     .....                  x - +2 pair of boots {Stlth+}
Stlth    ..........             p - amulet of reflection
HPRegen  0.23/turn              i - ring of see invisible
MPRegen  0.14/turn              j - ring of positive energy

@: about to teleport, studying Evocations
A: no striking features
a: Renounce Religion, Heroism, Finesse


You were on level 1 of the Abyss.
You worshipped Okawaru.
Okawaru was extremely pleased with you.
You visited 2 branches of the dungeon, and saw 12 of its levels.
You visited the Abyss 1 time.
You also visited: Bailey.

You collected 2199 gold pieces.
You spent 110 gold pieces at shops.

Inventory:

Hand Weapons
 a - the +12 war axe of Honesty (weapon) {freeze, rC+}
   (You found it on level 6 of the Dungeon)

   It has been specially enchanted to freeze those struck by it, causing extra
   injury to most foes and up to half again as much damage against particularly
   susceptible opponents.
   It can also slow down cold-blooded creatures.
   It protects you from cold.
 b - a +7 vorpal broad axe
Missiles
 g - 7 curare-tipped darts
 h - 21 javelins (quivered)
 z - 10 throwing nets
 K - 3 silver javelins
Armour
 c - a +0 kite shield (worn)
 l - a +0 pair of gloves (worn)
 s - a +1 helmet (worn)
 t - a +0 plate armour (worn)
 x - a +2 pair of boots of stealth (worn)
Jewellery
 i - a ring of see invisible (left hand)
 j - a ring of positive energy (right hand)
 p - an amulet of reflection (around neck)
 v - a ring of resist corrosion
 w - an amulet of guardian spirit
 y - a +6 ring of intelligence
 H - a ring of protection from cold
Wands
 f - a wand of paralysis (4)
 n - a wand of flame (42)
 u - a wand of iceblast (18)
 B - a wand of digging (13)
 I - a wand of acid (5)
Scrolls
 m - 4 scrolls of teleportation
 o - 3 scrolls of enchant armour
 A - a scroll of fog
 E - 3 scrolls of magic mapping
 J - a scroll of silence
Potions
 d - a potion of might
 e - 3 potions of curing
 k - 2 potions of brilliance
 q - a potion of invisibility {unknown}
 r - 3 potions of attraction
 C - 3 potions of ambrosia
 D - 3 potions of berserk rage
 F - a potion of mutation {unknown}
 G - a potion of magic {unknown}


   Skills:
 - Level 3.6 Fighting
 - Level 16.7 Axes
 - Level 7.3 Armour
 - Level 4.9 Dodging
 - Level 7.4 Shields
 - Level 5.6 Invocations
 * Level 7.3 Evocations


You had 10 spell levels left.
You didn't know any spells.
Your spell library contained the following spells:

 Spells                   Type           Power      Damage    Failure   Level
 Foxfire                  Conj/Fire      0%         2x1d4     100%        1
 Freeze                   Ice            0%         1d3       100%        1
 Magic Dart               Conj           0%         1d3       100%        1
 Blink                    Tloc           N/A        N/A       100%        2
 Call Imp                 Summ           0%         N/A       100%        2
 Slow                     Hex            0%         N/A       100%        2
 Conjure Flame            Conj/Fire      0%         6-21      100%        3
 Frozen Ramparts          Ice            0%         1d2       100%        3
 Inner Flame              Hex/Fire       0%         N/A       100%        3
 Mephitic Cloud           Conj/Pois/Air  0%         N/A       100%        3
 Ozocubu's Armour         Ice            0%         N/A       100%        3
 Animate Dead             Necr           0%         N/A       100%        4
 Hailstorm                Conj/Ice       0%         3d3       100%        4
 Sticky Flame             Conj/Fire      0%         2d3       100%        4
 Borgnjor's Vile Clutch   Necr/Erth      0%         N/A       100%        5
 Fireball                 Conj/Fire      0%         3d3       100%        5
 Metabolic Englaciation   Hex/Ice        0%         N/A       100%        5
 Death Channel            Necr           0%         N/A       100%        6
 Simulacrum               Ice/Necr       0%         N/A       100%        6


Dungeon Overview and Level Annotations

Branches:
Dungeon (11/15)            Temple (1/1) D:5            Lair (0/6) D:9
 Bailey (visited)
    Orc: D:9-12

Altars:
Ashenzari
Cheibriados
Dithmenos
Elyvilon
Gozag
Hepliaklqana
Kikubaaqudgha
Nemelex Xobeh
Okawaru
Qazlal
Ru
Trog
Vehumet
Wu Jian
Yredelemnul
The Shining One

Shops:
D:2 *

Annotations:
D:5 3 runed translucent doors, ardl's ghost, weakling GnDe
D:11 Erolcha


Message History

The purple very ugly thing is almost dead.
You block the purple very ugly thing's attack.
You completely miss the purple very ugly thing.
The purple very ugly thing is almost dead.
You closely miss the purple very ugly thing.
The purple very ugly thing is almost dead.
The purple very ugly thing engulfs you!!
* * * LOW HITPOINT WARNING * * *
You slash the purple very ugly thing! You freeze the purple very ugly thing.
You kill the purple very ugly thing!
Okawaru is honoured by your kill.
Your Evocations skill gained 2 levels and is now at level 7!
You see here a very ugly thing corpse.
You start resting.
An emperor scorpion zombie comes into view.
You start resting.
A smoke demon comes into view.
A sixfirhy comes into view.
A large abomination comes into view.
The smoke demon roars!
As you read the scroll of teleportation, it crumbles to dust.
You feel strangely unstable.
You feel the power of the Abyss delaying your translocation!
You block the sixfirhy's attack. The sixfirhy hits you.
The sixfirhy shocks you! You block the sixfirhy's attack.
The sixfirhy hits you but does no damage.
You block the sixfirhy's attack.
The sixfirhy hits you but does no damage.
You block the sixfirhy's attack. x2
The smoke demon gestures at you. Something smites you!
An ancient zyme comes into view.
You feel yourself growing ill in the presence of the ancient zyme.
You block the sixfirhy's attack. x2; The sixfirhy hits you!
* * * LOW HITPOINT WARNING * * *
The sixfirhy shocks you!
* * * LOW HITPOINT WARNING * * *
The smoke demon gestures at you. Something smites you!
You die...

..§....#...§..§§.
.§..... ..§........#...#
....... .......§§..§..§§
........§§§.§.#.........
. ..§.§ §...§§§........
.....§.§§§..§...#.§.§
......#.....§...§..§§.
.. ....§#§...§..§.##§§##
..§.#....§..§§§3@..§..#.
....§..§§§3...X....§...§
...§.§..§....§§#.....#.§
.....§.#§..#.§§.#..§§.#.
. ......§..§.#..§†..§§..
....§...§§.....#§§.##...
#. .....§..§....#.§..§.
. .......§§.§..#.#. ..
#§..§x.§........


You could see a large abomination, a sixfirhy and a smoke demon.

Vanquished Creatures
  A very ugly thing (Abyss:1)
  3 manticores
  3 centaur zombies
  A komodo dragon (D:10)
  An ancient zyme (Abyss:1)
  A wraith (D:10)
  2 basilisks (D:9)
  4 yaks (D:9)
  2 wyverns (D:9)
  4 water moccasins
  14 orc warriors
  3 ice beasts
  4 sky beasts
  2 necrophages
  An ogre (D:6)
  9 centaurs
  2 wolves (D:7)
  2 kobold brigands
  A phantom (D:4)
  3 bullfrogs
  Blork the orc (D:5)
  5 scorpions
  8 gnoll sergeants
  A wyvern skeleton (D:7)
  15 killer bees
  5 wights
  A howler monkey (D:7)
  7 orc priests
  9 hounds
  2 jellies (D:6)
  2 gnoll shamans (D:7)
  2 iguanas
  A bullfrog skeleton (D:7)
  15 orc wizards
  A killer bee zombie (D:8)
  Robin (D:3)
  A howler monkey zombie (D:9)
  47 gnolls
  6 adders
  4 white imps
  An ufetubus (Temple)
  4 dart slugs
  65 orcs
  5 bats
  4 endoplasms
  A giant cockroach (D:3)
  14 goblins
  9 hobgoblins
  4 jackals (D:7)
  8 kobolds
  5 quokkas
  4 ball pythons (D:1)
  3 frilled lizards
  2 rats (D:1)
326 creatures vanquished.

Vanquished Creatures (others)
  An orc (Bailey)
  2 bushes (D:9)
  5 fungi (D:9)
  31 plants
  5 toadstools (D:1)
44 creatures vanquished.

Grand Total: 370 creatures vanquished

Notes
Turn   | Place    | Note
-------+----------+-------------------------------------------
     0 | D:1      | frogmouthbird the Hill Orc Fighter began the quest for the
                  | Orb.
     0 | D:1      | Reached XP level 1. HP: 19/19 MP: 1/1
   113 | D:1      | Reached skill level 3 in Axes
   515 | D:1      | Reached XP level 2. HP: 26/26 MP: 2/2
   577 | D:1      | Reached skill level 4 in Axes
  1021 | D:2      | Reached XP level 3. HP: 28/31 MP: 3/3
  1152 | D:2      | Found a faded altar of an unknown god.
  1231 | D:2      | Reached skill level 5 in Axes
  1744 | D:2      | Found Zikkirom's General Store.
  1752 | D:2      | Bought a potion of curing for 33 gold pieces
  1752 | D:2      | Bought a wand of paralysis (5) for 77 gold pieces
  1972 | D:3      | Reached XP level 4. HP: 39/39 MP: 4/4
  1978 | D:3      | Reached skill level 6 in Axes
  2340 | D:3      | Found a bloodstained altar of Trog.
  2740 | D:3      | Noticed Robin
  2746 | D:3      | Reached XP level 5. HP: 43/45 MP: 5/5
  2964 | D:3      | Killed Robin
  2965 | D:3      | Reached skill level 7 in Axes
  3564 | D:4      | Noticed a phantom
  3584 | D:4      | Killed a phantom
  3585 | D:4      | Reached skill level 8 in Axes
  3585 | D:4      | Reached XP level 6. HP: 51/51 MP: 6/6
  4052 | D:4      | Found a sparkling altar of Nemelex Xobeh.
  4266 | D:5      | Entered Level 5 of the Dungeon
  4290 | D:5      | Reached skill level 9 in Axes
  4378 | D:5      | Reached XP level 7. HP: 54/57 MP: 7/7
  4403 | D:5      | Upgraded the game from 0.27-a0-1081-ge8a0a9c698 to
                  | 0.27-a0-1084-g78b3836a5f
  4425 | D:5      | Found a staircase to the Ecumenical Temple.
  4432 | Temple   | Entered the Ecumenical Temple
  4514 | Temple   | Became a worshipper of Warmaster Okawaru
  4575 | D:5      | Noticed Blork the orc
  4589 | D:5      | Killed Blork the orc
  4590 | D:5      | Reached skill level 10 in Axes
  4816 | Temple   | Reached skill level 11 in Axes
  5171 | D:5      | Reached * piety under Okawaru
  5172 | D:5      | Reached XP level 8. HP: 58/64 MP: 8/8
  5267 | D:5      | Found a broken altar of Ashenzari.
  5412 | D:5      | Reached skill level 1 in Invocations
  5422 | D:5      | Found a glowing golden altar of the Shining One.
  5743 | D:5      | Found a runed translucent gate.
  5747 | D:5      | Found a runed translucent gate.
  5747 | D:5      | Found a runed translucent gate.
  5748 | D:5      | Found an opulent altar of Gozag.
  5749 | D:5      | Noticed ardl's ghost (weakling GnDe)
  5749 | D:5      | Noticed a yak
  5796 | D:6      | Reached skill level 12 in Axes
  6223 | D:6      | Reached ** piety under Okawaru
  6224 | D:6      | Reached skill level 13 in Axes
  6443 | D:6      | Identified the +12 war axe of Honesty {freeze, rC+}
  6743 | D:6      | Reached skill level 5 in Invocations
  6743 | D:6      | Reached XP level 9. HP: 68/70 MP: 11/13
  7048 | D:7      | Reached *** piety under Okawaru
  7059 | D:7      | Reached skill level 1 in Dodging
  7061 | D:7      | Reached skill level 14 in Axes
  7646 | D:7      | Reached XP level 10. HP: 77/77 MP: 14/14
  7646 | D:7      | Identified a scroll of acquirement
  7646 | D:7      | Acquired 1255 gold pieces
  7698 | D:7      | Reached **** piety under Okawaru
  7699 | D:7      | Reached skill level 5 in Shields
  7700 | D:7      | Reached skill level 5 in Armour
  7795 | D:7      | Found an ornate altar of the Wu Jian Council.
  8432 | D:8      | Reached skill level 15 in Axes
  8869 | D:8      | Found the -2 hat of the Alchemist {rElec rPois rF+ rC+ rN+
                  | Will+ rMut rCorr}
  9665 | D:9      | Found a flagged portal.
  9674 | Bailey   | Entered a bailey
  9774 | Bailey   | Reached ***** piety under Okawaru
 12552 | D:9      | Reached XP level 11. HP: 82/82 MP: 15/15
 12729 | D:9      | Reached skill level 16 in Axes
 12851 | D:9      | Received a gift from Okawaru
 12891 | D:9      | Acquired a +2 pair of boots of stealth
 13231 | D:9      | Found a staircase to the Lair.
 14031 | D:10     | Entered Level 10 of the Dungeon
 14200 | D:10     | Found Weheumn's Armour Emporium.
 14692 | D:10     | Noticed a manticore
 14696 | D:10     | Killed a manticore
 14953 | D:11     | Acquired a manual of Evocations
 14960 | D:11     | Noticed a manticore
 14961 | D:11     | Noticed a manticore
 14976 | D:11     | Killed a manticore
 14982 | D:11     | Killed a manticore
 15250 | D:11     | Noticed Erolcha
 15256 | D:11     | Cast into level 1 of the Abyss (Erolcha)
 15283 | Abyss:1  | Reached skill level 5 in Evocations
 15301 | Abyss:1  | Found a corrupted altar of Lugonu.
 15319 | Abyss:1  | Noticed a purple very ugly thing
 15336 | Abyss:1  | Killed a purple very ugly thing
 15468 | Abyss:1  | Noticed a sixfirhy
 15469 | Abyss:1  | Noticed a large abomination
 15480 | Abyss:1  | Killed from afar by a smoke demon

Illustrated notes

Levels and vault maps discovered:
D:1:      ldierk_walled_garden, layout_loops_cross
D:2:      layout_basic, serial_shops, shop, chequers_ecumenical_altar_simple
D:3:      minmay_inner_zag, layout_loops_ring, lemuel_crystal_altar,
          grunt_decor_junction, uniq_robin
D:4:      layout_loops_ring, nemelex_diamond_rough_becter,
          serial_bayou_lagoon_a, item_on_display_a
D:5:      layout_basic, lemuel_crystal_altar, nicolae_tso_carved_into_rock,
          minmay_temple_entry_slanted, ebering_ghost_gozag, eino_tiny_chamber,
          uniq_blork_the_orc
D:6:      layout_basic
D:7:      layout_cave_pools, lemuel_doored_altar, serial_gnoll_camp,
          gnoll_camp_mini_loothouse, gnoll_camp_huts_basic,
          gnoll_camp_medium_02, gnoll_camp_mini_house, dk_rats_in_the_wall
D:8:      layout_loops_ring, minivault_10, kennysheep_generic_room_14
D:9:      layout_layer_cave, minmay_lair_entry_grove, enter_bailey_2,
          kennysheep_generic_room_5
D:10:     layout_roguey, serial_shops, nicolae_shop_stone
D:11:     layout_roguey [special_room_bee], hiddenorc1_lemuel, uniq_erolcha
Temple:   minmay_crystal_spiral_temple
Abyss:1:  base:
D:4

Skill      XL: |  1  2  3  4  5  6  7  8  9 10 11 |
---------------+----------------------------------+-----
Axes           | 3 4 5 6 8 9 11 13 14 15 16 | 16.7
Invocations    | 5 |  5.6
Dodging        | 2 4 |  4.9
Armour         | 4 6 7 |  7.3
Shields        | 4 6 7 |  7.4
Evocations     | 7 |  7.3
Fighting       | |  3.6

Action                   |  1- 3 |  4- 6 |  7- 9 | 10-12 || total
-------------------------+-------+-------+-------+-------++-------
Melee: War axe           |   102 |   179 |   194 |   321 ||   796
       Hand axe          |       |       |    61 |       ||    61
Throw: Dart              |       |       |     3 |       ||     3
Evoke: Wand              |       |       |     5 |    17 ||    22
  Use: Scroll            |     3 |     7 |     1 |    12 ||    23
       Potion            |       |       |       |     4 ||     4
 Stab: Distracted        |       |       |       |     1 ||     1
Armor: Scale mail        |    50 |    31 |       |       ||    81
       Plate armour      |       |    40 |   147 |   168 ||   355
Dodge: Dodged            |    32 |    24 |    25 |    80 ||   161
Block: Kite shield       |    44 |   111 |   218 |   337 ||   710
       Reflection        |       |     1 |     3 |     9 ||    13

Table legend: (Time is in decaauts)
 A = Elapsed time spent in this place.
 B = Non-inter-level travel time spent in this place.
 C = Inter-level travel time spent in this place.
 D = Time resting spent in this place.
 E = Time spent auto-exploring this place.
 F = Levels seen in this place.
 G = Mean time per level.
                   A        B        C        D        E       F      G
               +--------+--------+--------+--------+--------+-----+--------+
         Total |  15611 |  15135 |    476 |   3413 |   9188 |  14 | 1115.1 |
       Dungeon |  12421 |  11998 |    423 |   1738 |   8558 |  11 | 1129.2 |
        Temple |    362 |    309 |     53 |    214 |     79 |   1 |  362.0 |
         Abyss |    220 |    220 |      0 |    119 |      0 |   1 |  220.0 |
        Bailey |   2607 |   2607 |      0 |   1342 |    551 |   1 | 2607.0 |
               +--------+--------+--------+--------+--------+-----+--------+

Top non-repeatable levels by time:
  Bailey: 2607 daAuts
     D:9: 1979 daAuts
     D:6: 1395 daAuts
     D:3: 1266 daAuts
     D:8: 1227 daAuts
     D:5: 1163 daAuts
     D:4: 1063 daAuts
     D:7: 1046 daAuts
     D:1: 1038 daAuts
     D:2: 1025 daAuts
    D:10: 912 daAuts
  Temple: 362 daAuts
    D:11: 302 daAuts
 Abyss:1: 220 daAuts
